 Dungeon Crawl Stone Soup version 0.20.1-1-g8b1a95d (webtiles) character file.

972 equalderp2856 the Chopper (level 7, 0/53 HPs)
             Began as a Mummy Fighter on Oct 25, 2017.
             Slain by Prince Ribbit (15 damage)
             ... on level 5 of the Dungeon.
             The game lasted 00:09:53 (5738 turns).

equalderp2856 the Chopper (Mummy Fighter)           Turns: 5738, Time: 00:09:55

Health: 0/53       AC:  9    Str: 20    XL:     7   Next: 94%
Magic:  11/11      EV:  8    Int:  9    God:
Gold:   155        SH:  9    Dex: 11    Spells: 12/12 levels left

rFire    . . .     SeeInvis .   a - +0 war axe
rCold    . . .     Gourm    .   c - +0 shield
rNeg     + + +     Faith    .   b - +0 scale mail
rPois    ∞         Spirit   .   i - +0 helmet
rElec    .         Reflect  .   (no cloak)
rCorr    .         Harm     .   (no gloves)
MR       .....                  o - +0 pair of boots
Stlth    ..........             (no amulet)
Regen    0.2/turn               j - ring of fire
MPRegen  0.2/turn               (no ring)

@: no status effects
A: no food or potions, fire vulnerability, cold resistance 1, negative energy
resistance 3, torment resistance, unbreathing
a: no special abilities


You were on level 5 of the Dungeon.
You were not hungry.

You visited 1 branch of the dungeon, and saw 5 of its levels.
You also visited: Sewer.

You collected 155 gold pieces.

Inventory:

Hand Weapons
 a - a +0 war axe (weapon)
 q - a +0 trident of protection
Armour
 b - a +0 scale mail (worn)
 c - a +0 shield (worn)
 e - a +0 ring mail
 i - a +0 helmet (worn)
 n - a +0 pair of boots
 o - a +0 pair of boots (worn)
 r - the -4 helmet of Heshremi {rC- Dex+6}
   (You took it off Robin on level 4 of the Dungeon)

   It affects your dexterity (+6).
   It makes you vulnerable to cold.
Jewellery
 j - a ring of fire (left hand)
 l - an uncursed amulet of harm
 u - an uncursed ring of fire
Wands
 d - a wand of clouds (7/9)
 v - a wand of random effects (27/48)
Scrolls
 f - 8 scrolls of teleportation
 g - a scroll of noise
 h - 3 scrolls of magic mapping
 k - 3 scrolls of enchant weapon
 m - a scroll of random uselessness {unknown}
 p - a scroll of remove curse
 s - a scroll of torment {unknown}
 t - a scroll of recharging {unknown}


   Skills:
 + Level 3.7 Fighting
 * Level 5.1 Axes
 + Level 3.6 Armour
 + Level 1.9 Dodging
 + Level 0.5 Stealth
 + Level 4.0 Shields
 * Level 3.1 Spellcasting


You had 12 spell levels left.
You didn't know any spells.

Dungeon Overview and Level Annotations

Branches:
Dungeon (5/15)
 Temple: D:4-7

Altars:
Ashenzari
Ru

Annotations:
D:5 Prince Ribbit


Innate Abilities, Weirdness & Mutations

You do not eat or drink.
Your flesh is vulnerable to fire.
You are immune to poison.
Your flesh is cold resistant. (rC+)
You are immune to negative energy. (rN+++)
You are immune to unholy pain and torment.
You can survive without breathing.


Message History

You barely miss Prince Ribbit. Prince Ribbit hits you!
Prince Ribbit hits you but does no damage.
Prince Ribbit hits you!
Prince Ribbit blinks!
Prince Ribbit hops awkwardly around.
Prince Ribbit catches a mouse with his tongue.
You block Prince Ribbit's attack. You block Prince Ribbit's attack.
Prince Ribbit blinks!
Prince Ribbit catches a spider with his tongue.
Prince Ribbit blinks!
Prince Ribbit blinks!
There is a stone staircase leading down here.
You block Prince Ribbit's attack.
Prince Ribbit hits you but does no damage.
You block Prince Ribbit's attack. Prince Ribbit hits you!
* * * LOW HITPOINT WARNING * * *
Prince Ribbit hits you!
You die...

..##.. #........................
..#####+#[....# +##+#######......
..#.....#.....+ #....##
(.'.....#.....# #......
#######'#.....# #......
..............# #......
..............######+######......
..........................####...
................@F........# ###.
#'#######.................# #.
........#.................# #.
........#)>...............# #.
..##'####.............(...######.
..#.........########'##(.........
#'#....)....# #....+.(>.......
............# #....#..........
............# #....#..).......


You could see Prince Ribbit.

Vanquished Creatures
  Purgy (Sewer)
  2 centaurs
  A big kobold (Sewer)
  3 crimson imps (D:5)
  An orc priest (D:3)
  A gnoll shaman (D:3)
  An iguana (D:4)
  4 orc wizards
  A hound skeleton (D:4)
  Robin (D:4)
  3 gnolls (D:4)
  10 adders
  A worker ant zombie (D:5)
  3 river rats (D:3)
  2 shadow imps (D:5)
  An ooze (D:1)
  A worm (D:2)
  2 dart slugs
  9 leopard geckos
  17 orcs
  3 giant cockroaches
  17 goblins
  14 hobgoblins
  8 jackals
  2 quokkas
  5 ball pythons
  A ball python skeleton (D:4)
  5 bats
  4 frilled lizards
  9 kobolds
  7 rats
140 creatures vanquished.

Notes
Turn   | Place    | Note
-------+----------+-------------------------------------------
     0 | D:1      | equalderp2856 the Mummy Fighter began the quest for the Orb.
     0 | D:1      | Reached XP level 1. HP: 18/18 MP: 1/1
   114 | D:1      | Reached XP level 2. HP: 20/24 MP: 2/2
   406 | D:1      | Reached skill level 2 in Axes
   735 | D:1      | Reached XP level 3. HP: 29/29 MP: 3/3
  1171 | D:2      | Reached XP level 4. HP: 26/35 MP: 3/5
  1283 | D:2      | Found a sacrificial altar of Ru.
  1293 | D:2      | Reached skill level 1 in Spellcasting
  1420 | D:2      | Reached skill level 3 in Axes
  1777 | D:3      | Reached XP level 5. HP: 41/41 MP: 7/7
  2026 | D:3      | Found a glowing drain.
  2094 | Sewer    | Entered a sewer
  2292 | Sewer    | Noticed Purgy
  2311 | Sewer    | Killed Purgy
  2311 | Sewer    | Reached XP level 6. HP: 26/47 MP: 7/9
  2499 | Sewer    | Reached skill level 1 in Dodging
  2756 | D:3      | Reached skill level 4 in Axes
  3444 | D:4      | Reached XP level 7. HP: 24/52 MP: 10/10
  4441 | D:4      | Noticed Robin
  4450 | D:4      | Killed Robin
  4472 | D:4      | Got a scorched helmet
  4485 | D:4      | Identified the cursed -4 helmet of Heshremi {rC- Dex+6} (You took it off Robin on level 4 of the Dungeon)
  4841 | D:5      | Entered Level 5 of the Dungeon
  5507 | D:5      | Reached skill level 5 in Axes
  5665 | D:5      | Found a shattered altar of Ashenzari.
  5673 | D:5      | Noticed Prince Ribbit
  5738 | D:5      | Slain by Prince Ribbit

Skill      XL: |  1  2  3  4  5  6  7 |
---------------+----------------------+-----
Axes           | 2 3 4 5 |  5.1
Spellcasting   | 1 2 3 |  3.1
Shields        | 3 4 |  4.0
Armour         | 3 |  3.6
Dodging        | 1 |  1.9
Fighting       | |  3.7
Stealth        | |  0.5

Action                   |  1- 3 |  4- 6 |  7- 9 || total
-------------------------+-------+-------+-------++-------
Melee: War axe           |   131 |   209 |   258 ||   598
  Use: Scroll            |       |       |     8 ||     8
 Stab: Invisible         |       |     1 |       ||     1
       Paralysed         |       |     1 |       ||     1
Armor: Scale mail        |     5 |       |    50 ||    55
       Ring mail         |    42 |    96 |    63 ||   201
Dodge: Dodged            |    51 |   106 |   103 ||   260
Block: Shield            |    63 |   139 |   144 ||   346
